 Dungeon Crawl Stone Soup version 0.22-a0-247-gbddf880 (webtiles) character file.

2429 kuniqs the Covered (level 9, -1/82 HPs)
             Began as a Deep Dwarf Fighter on Feb 23, 2018.
             Was an Initiate of Makhleb.
             Slain by an orc warrior
             ... wielding a +0 glaive
              (4 damage)
             ... on level 7 of the Dungeon.
             The game lasted 00:08:40 (4993 turns).

kuniqs the Covered (Deep Dwarf Fighter)             Turns: 4993, Time: 00:08:41

Health: -1/82      AC: 10    Str: 22    XL:     9   Next: 24%
Magic:  3/3        EV: 11    Int:  4    God:    Makhleb [......]
Gold:   158        SH: 13    Dex: 13    Spells: 8/8 levels left

rFire    . . .     SeeInvis +   v - +9 rapier of Integrity {antimagic, +Fly rN+ MR+ SInv}
rCold    . . .     Gourm    .   w - +2 shield
rNeg     + . .     Faith    .   k - +1 scale mail "Hubat" {Int-5 Slay+4}
rPois    .         Spirit   .   (no helmet)
rElec    .         Reflect  .   b - +0 cloak
rCorr    .         Harm     .   (no gloves)
MR       ++...                  (no boots)
Stlth    ..........             (no amulet)
HPRegen  0.00/turn              (no ring)
MPRegen  0.08/turn              (no ring)

@: lethally poisoned (-1 -> -1), non-regenerating
A: damage resistance, heal wounds, sense surroundings 2, no regeneration
a: Heal Wounds, Renounce Religion, Evoke Flight


You were on level 7 of the Dungeon.
You worshipped Makhleb.
Makhleb was noncommittal.
You were not hungry.

You visited 2 branches of the dungeon, and saw 8 of its levels.

You collected 368 gold pieces.
You spent 210 gold pieces at shops.

Inventory:

Hand Weapons
 a - a +0 war axe
 v - the +9 rapier of Integrity (weapon) {antimagic, +Fly rN+ MR+ SInv}
   (You found it on level 4 of the Dungeon)

   It reduces the magical energy of the wielder, and disrupts the spells and
   magical abilities of those hit.
   Natural abilities and divine invocations are not affected.
   It protects you from negative energy.
   It affects your resistance to hostile enchantments.
   It lets you see invisible.
   It lets you fly.
Armour
 b - a +0 cloak (worn)
 k - the +1 scale mail "Hubat" (worn) {Int-5 Slay+4}
   (You found it on level 5 of the Dungeon)

   It affects your intelligence (-5).
   It affects your accuracy and damage with ranged weapons and melee attacks
   (+4).
 w - a +2 shield (worn)
Wands
 n - a wand of disintegration (4)
 x - a wand of flame (29)
Scrolls
 e - 3 scrolls of remove curse {@r2}
 l - a scroll of fear {unknown}
 m - a scroll of teleportation {unknown}
 p - a scroll of fog {unknown}
 q - 2 scrolls of magic mapping
Potions
 c - a potion of cancellation
 d - a potion of might
 g - 3 potions of haste
 h - a potion of heal wounds
 i - a potion of invisibility
 j - 6 potions of curing {@q1}
 o - 2 potions of mutation
 r - a potion of degeneration {unknown}
 t - a potion of brilliance {unknown}
 u - a potion of flight {unknown}
Comestibles
 f - 15 rations
 s - 2 chunks of flesh


   Skills:
 + Level 5.7 Fighting
 + Level 6.3 Axes
 + Level 6.9 Armour
 + Level 5.9 Dodging
 + Level 6.8 Shields
 + Level 1.7 Invocations


You had 8 spell levels left.
You didn't know any spells.

Dungeon Overview and Level Annotations

Branches:
Dungeon (7/15)             Temple (1/1) D:6

Altars:
Ashenzari
Fedhas
Kikubaaqudgha
Makhleb
Nemelex Xobeh
Okawaru
Qazlal
Uskayaw
Yredelemnul
Zin

Shops:
D:6 [


Innate Abilities, Weirdness & Mutations

You are resistant to damage.
You can heal yourself by infusing magical energy.
You passively map the area around you.
You do not regenerate.


Message History

Makhleb accepts your kill.
You feel very sick. You block the killer bee's attack.
You puncture the killer bee!
You kill the killer bee!
Makhleb accepts your kill.
You feel sick.
The orc warrior hits you from afar with a glaive!!
* * * LOW HITPOINT WARNING * * *
You block the wyvern's attack.
You barely miss the wyvern.
You feel sick. You block the wyvern's attack.
The orc warrior hits you from afar with a glaive!
* * * LOW HITPOINT WARNING * * *
The wyvern misses you.
You hit the wyvern. The wyvern bites you.
* * * LOW HITPOINT WARNING * * *
You block the orc warrior's attack. The wyvern barely misses you.
You fail to use your ability.
You block the wyvern's attack.
The orc warrior hits you from afar with a glaive!
You die...

#......[..####+*
* #...<........#
,* ,,
#.<.......##.#,
, ,
#.........####,
, * ,
######.#### , *
#.# , #.# *###
## * #.#
##..#.$?,, #@#
##.%...#* ,
#l###...# , *
#.o..o.## *
#####.#yo..... ,
* ...#....... *
* ...$.#y......
,
...........#.##
, ,..........##
# **, ,
,..........# , *


You could see an orc warrior and a wyvern.

Vanquished Creatures
  Pikel (D:5)
  The ghost of Amnesiac the Digger, an amateur FoEE (D:5)
  Edmund (D:6)
  A water moccasin (D:6)
  2 ice beasts
  A sky beast (D:5)
  A phantom (D:6)
  A centaur (D:4)
  7 scorpions (D:5)
  4 killer bees (D:7)
  A crimson imp (D:5)
  A bullfrog zombie (D:6)
  A quasit (D:6)
  4 hounds
  A jelly (D:5)
  Terence (D:2)
  2 worker ants
  A worker ant zombie (D:6)
  13 adders
  3 gnolls (D:3)
  A shadow imp (D:6)
  An ooze (D:3)
  4 worms
  4 dart slugs
  A leopard gecko (D:5)
  9 orcs
  3 ball pythons
  13 bats
  6 giant cockroaches
  6 goblins
  5 hobgoblins
  17 jackals
  5 quokkas
  A frilled lizard (D:3)
  A jackal skeleton (D:5)
  4 kobolds
  A leopard gecko skeleton (D:6)
  2 quokka zombies (D:6)
  6 rats
138 creatures vanquished.

Vanquished Creatures (others)
  A human (D:3)
1 creature vanquished.

Grand Total: 139 creatures vanquished

Notes
Turn   | Place    | Note
-------+----------+-------------------------------------------
     0 | D:1      | kuniqs the Deep Dwarf Fighter began the quest for the Orb.
     0 | D:1      | Reached XP level 1. HP: 20/20 MP: 1/1
   183 | D:1      | Reached XP level 2. HP: 27/27 MP: 2/2
   327 | D:1      | Reached skill level 1 in Dodging
   517 | D:1      | Reached XP level 3. HP: 19/33 MP: 3/3
   603 | D:2      | Found a basalt altar of Yredelemnul.
   873 | D:2      | Noticed Terence
   878 | D:2      | Killed Terence
   878 | D:2      | Reached XP level 4. HP: 34/42 MP: 4/4
  2045 | D:3      | Found an ancient bone altar of Kikubaaqudgha.
  2046 | D:3      | Noticed a human
  2048 | D:3      | Killed a human
  2208 | D:3      | Reached XP level 5. HP: 46/49 MP: 5/5
  2365 | D:4      | Noticed a centaur
  2374 | D:4      | Killed a centaur
  2374 | D:4      | Reached XP level 6. HP: 33/56 MP: 6/6
  2449 | D:4      | Found a shattered altar of Ashenzari.
  2554 | D:4      | Got a dazzling rapier
  2555 | D:4      | Identified the +9 rapier of Integrity {antimagic, +Fly rN+ MR+ SInv} (You found it on level 4 of the Dungeon)
  2993 | D:4      | Found a sparkling altar of Nemelex Xobeh.
  2994 | D:4      | Found a glowing silver altar of Zin.
  3420 | D:5      | Entered Level 5 of the Dungeon
  3464 | D:5      | Noticed a slave
  3465 | D:5      | Noticed Pikel
  3465 | D:5      | Noticed a slave
  3466 | D:5      | Noticed a sky beast
  3467 | D:5      | Noticed a slave
  3468 | D:5      | Noticed a slave
  3484 | D:5      | Killed Pikel
  3484 | D:5      | Reached skill level 5 in Armour
  3484 | D:5      | Reached skill level 5 in Shields
  3484 | D:5      | Reached XP level 7. HP: 54/66 MP: 2/6
  3571 | D:5      | Got a steaming scale mail
  3582 | D:5      | Identified the +1 scale mail "Hubat" {Int-5 Slay+4} (You found it on level 5 of the Dungeon)
  3644 | D:5      | Reached XP level 8. HP: 60/73 MP: 2/7
  3748 | D:5      | Found a stormy altar of Qazlal.
  3755 | D:5      | Noticed an air elemental
  3758 | D:5      | Reached skill level 5 in Axes
  3920 | D:5      | Noticed Amnesiac's ghost (amateur FoEE)
  3930 | D:5      | Killed Amnesiac's ghost
  3953 | D:5      | Reached skill level 5 in Fighting
  3968 | D:5      | Reached skill level 5 in Dodging
  4501 | D:6      | Found Pekigr Mozor's Antique Armour Boutique.
  4511 | D:6      | Bought a glowing shield for 210 gold pieces
  4596 | D:6      | Gained mutation: You passively map the area around you. [Deep Dwarf growth]
  4596 | D:6      | Reached XP level 9. HP: 67/81 MP: 2/8
  4693 | D:6      | Found a staircase to the Ecumenical Temple.
  4706 | Temple   | Entered the Ecumenical Temple
  4716 | Temple   | Became a worshipper of Makhleb the Destroyer
  4890 | D:6      | Noticed Edmund
  4902 | D:6      | Killed Edmund
  4902 | D:6      | Reached skill level 1 in Invocations
  4992 | D:7      | HP: 3/82 [wyvern (4)]
  4993 | D:7      | Slain by an orc warrior

Vault maps used:
D:1:      co_arrival_random_square_maze, minivault_19, minmay_pentomino_q2
D:2:      overflow_temple_1_default, grunt_decor_clamped, uniq_terence
D:3:      tgw_kikubaaqudgha
D:4:      lemuel_crystal_altar, gammafunk_temple_overflow_statue,
          kennysheep_generic_room_13
D:5:      old_forge, nicolae_qazlal_style_of_elements, first_ration, uniq_pikel
D:6:      temple_fountains, serial_shops, nicolae_shop_behind_doors,
          minivault_25, uniq_edmund
D:7:      kennysheep_mini, grunt_livestock, grunt_decor_one_mirror
Temple:   nicolae_temple_elliptical

Skill      XL: |  1  2  3  4  5  6  7  8  9 |
---------------+----------------------------+-----
Dodging        | 1 2 4 5 |  5.9
Fighting       | 3 4 5 |  5.7
Axes           | 3 4 6 |  6.3
Armour         | 4 5 6 |  6.9
Shields        | 4 5 6 |  6.8
Invocations    | 1 |  1.7

Action                   |  1- 3 |  4- 6 |  7- 9 || total
-------------------------+-------+-------+-------++-------
Melee: War axe           |    56 |     9 |       ||    65
       Dagger            |    88 |   106 |       ||   194
       Rapier            |       |    58 |   149 ||   207
 Abil: Heal Wounds       |     1 |     4 |     3 ||     8
Evoke: Wand              |       |       |     6 ||     6
  Use: Scroll            |       |     7 |     2 ||     9
       Potion            |       |     1 |       ||     1
  Eat: Chunk             |       |     9 |     5 ||    14
Armor: Scale mail        |    69 |    62 |    35 ||   166
Dodge: Dodged            |    56 |    60 |    58 ||   174
Block: Shield            |    69 |    94 |    98 ||   261

Table legend:
 A = Spawn XP
 B = Non-spawn XP
 C = Spawn XP percentage of total XP
 D = Spawn monster count
 E = Non-spawn monster count
 F = Spawn count percentage of total count
 G = Total turns spent on level
                    A         B        C        D         E        F      G
               +---------+---------+-------+---------+---------+-------+---------
         Total |       0 |    3470 |   0.0 |       0 |     138 |   0.0 |  4993
               +---------+---------+-------+---------+---------+-------+---------
           D:1 |       0 |      45 |   0.0 |       0 |      22 |   0.0 |   585
           D:2 |       0 |      90 |   0.0 |       0 |      15 |   0.0 |   822
           D:3 |       0 |     106 |   0.0 |       0 |      23 |   0.0 |   950
           D:4 |       0 |     277 |   0.0 |       0 |      22 |   0.0 |  1063
           D:5 |       0 |    1854 |   0.0 |       0 |      33 |   0.0 |   807
           D:6 |       0 |     850 |   0.0 |       0 |      18 |   0.0 |   691
           D:7 |       0 |     248 |   0.0 |       0 |       5 |   0.0 |    55
               +---------+---------+-------+---------+---------+-------+---------
